 Dungeon Crawl Stone Soup version 0.25-a0-545-ge4db218afc (webtiles) character file.

Game seed: 8504517220809380088, levelgen mode: deterministic

798 Danqa the Cleaver (level 7, -10/61 HPs)
             Began as a Hill Orc Monk on Feb 21, 2020.
             Was a Believer of Beogh.
             Mangled by Duvessa
             ... wielding a +0 short sword
              (11 damage)
             ... on level 5 of the Dungeon.
             The game lasted 00:13:22 (5933 turns).

Danqa the Cleaver (Hill Orc Monk)                   Turns: 5933, Time: 00:13:22

Health: -10/61     AC: 13    Str: 16    XL:     7   Next: 90%
Magic:  7/7        EV:  6    Int: 10    God:    Beogh [**....]
Gold:   245        SH:  0    Dex: 13    Spells: 6/6 levels left

rFire    . . .     SeeInvis .   a - +0 hand axe
rCold    . . .     Gourm    .   (no shield)
rNeg     + . .     Faith    .   g - +0 plate armour
rPois    +         Spirit   .   v - +0 helmet
rElec    .         Reflect  .   (no cloak)
rCorr    .         Harm     .   (no gloves)
MR       .....                  (no boots)
Stlth    ..........             n - amulet of the acrobat
HPRegen  0.20/turn              C - ring of positive energy
MPRegen  0.10/turn              A - ring of poison resistance

@: no status effects
A: no striking features
a: Smiting, Renounce Religion


You were on level 5 of the Dungeon.
You worshipped Beogh.
Beogh was pleased with you.
You were not hungry.

You visited 1 branch of the dungeon, and saw 5 of its levels.

You collected 245 gold pieces.

Inventory:

Hand Weapons
 a - a +0 hand axe (weapon)
Armour
 b - a +0 robe
 e - a +0 ring mail
 f - a +0 scale mail
 g - a +0 plate armour (worn)
 v - a +0 helmet (worn)
Jewellery
 j - an uncursed ring of flight
 n - an amulet of the acrobat (around neck)
 w - an uncursed ring of protection from cold
 A - a ring of poison resistance (right hand)
 B - an uncursed ring of see invisible
 C - a ring of positive energy (left hand)
 F - an uncursed ring of wizardry
Wands
 q - a wand of acid (2)
Scrolls
 h - 9 scrolls of identify {unknown}
 i - 3 scrolls of fear {unknown}
 k - 4 scrolls of remove curse {unknown}
 l - 2 scrolls of immolation {unknown}
 t - 2 scrolls of magic mapping {unknown}
 u - a scroll of enchant armour {unknown}
 y - a scroll of teleportation {unknown}
 D - a scroll of blinking {unknown}
 G - 3 scrolls of enchant weapon {unknown}
 H - a scroll of fog {unknown}
Potions
 d - a potion of heal wounds {unknown}
 m - 4 potions of brilliance {unknown}
 o - a potion of ambrosia {unknown}
 p - 4 potions of haste {unknown}
 r - a potion of lignification {unknown}
 s - a potion of mutation {unknown}
 x - a potion of berserk rage {unknown}
 z - a potion of curing {unknown}
 E - a potion of degeneration {unknown}
Comestibles
 c - 10 rations
 I - 3 chunks of flesh


   Skills:
 + Level 5.5 Fighting
 + Level 8.6 Axes
 + Level 4.5 Armour
 + Level 3.1 Dodging
 + Level 1.6 Stealth
 + Level 0.2 Evocations


You had 6 spell levels left.
You didn't know any spells.
Your spell library contained the following spells:

 Spells                   Type           Power        Failure   Level  Hunger
 Animate Skeleton         Necr           N/A          100%        1    ##.....
 Apportation              Tloc           #.....       100%        1    ##.....
 Corona                   Hex            #......      100%        1    ##.....
 Summon Small Mammal      Summ           #...         100%        1    ##.....


Dungeon Overview and Level Annotations

Branches:
Dungeon (5/15)
 Temple: D:4-7

Altars:
Dithmenos
Okawaru
Uskayaw
Vehumet
Wu Jian
Zin

Shops:
D:4 :

Annotations:
D:3 3 runed translucent doors, daodarkstar's ghost, weakling DsFi
D:4 Eustachio
D:5 Duvessa


Message History

Duvessa hits you with a +0 short sword.
* * * LOW HITPOINT WARNING * * *
Duvessa hits you with a +0 short sword.
* * * LOW HITPOINT WARNING * * *
You closely miss Duvessa.
Duvessa is lightly wounded.
Duvessa hits you but does no damage. x2
You slash Duvessa!
Duvessa is moderately wounded.
Duvessa barely misses you.
You closely miss Duvessa.
Duvessa is moderately wounded.
Duvessa hits you with a +0 short sword!
* * * LOW HITPOINT WARNING * * *
You hit Duvessa but do no damage.
Duvessa is moderately wounded.
Duvessa hits you with a +0 short sword.
* * * LOW HITPOINT WARNING * * *
Duvessa hits you with a +0 short sword!
You die...

#.##..# .. .. #.#
.(...(# ### .##.#
#.####.. ..#.#
#.# ### #.#.# ..#
#.#.# ### #.#.#
#...# ###+##...#
#......@.# #
#.#.###e.# #
#.#.###..# #
####........#####
#...............#
#.##.#####......#
# #....)..>....#
. #######......#
.. #......#


You could see Duvessa (berserk).

Vanquished Creatures
  Grinder (D:4)
  Menkaure (D:5)
  Dowan (D:5)
  A vampire bat (D:3)
  Crazy Yiuf (D:4)
  An orc priest (D:5)
  2 orc wizards (D:4)
  A worker ant (D:5)
  Natasha (thrice) (D:2)
  Robin (D:2)
  3 adders (D:4)
  A shadow imp (D:5)
  4 oozes
  3 worms
  4 dart slugs
  2 leopard geckos
  12 orcs
  5 giant cockroaches
  17 goblins
  12 hobgoblins
  6 jackals
  5 kobolds
  A quokka (D:4)
  16 bats
  A frilled lizard (D:1)
  A leopard gecko zombie (D:3)
  3 rats (D:1)
109 creatures vanquished.

Vanquished Creatures (others)
  An adder (D:2)
  3 orcs (D:4)
4 creatures vanquished.

Grand Total: 113 creatures vanquished

Notes
Turn   | Place    | Note
-------+----------+-------------------------------------------
     0 | D:1      | Danqa the Hill Orc Monk began the quest for the Orb.
     0 | D:1      | Reached XP level 1. HP: 19/19 MP: 1/1
     0 | D:1      | Noticed a ghoul
     1 | D:1      | Noticed a minotaur
     1 | D:1      | Noticed a human
     3 | D:1      | Noticed a troll
     3 | D:1      | Noticed a vine stalker
     5 | D:1      | Noticed a dwarf
     6 | D:1      | Noticed a centaur
     8 | D:1      | Noticed a centaur
    10 | D:1      | Noticed a ghoul
    10 | D:1      | Noticed a minotaur
    12 | D:1      | Noticed a human
    14 | D:1      | Noticed a naga
    14 | D:1      | Noticed a felid
    16 | D:1      | Noticed a ghoul
    16 | D:1      | Noticed a dwarf
    18 | D:1      | Noticed a felid
    42 | D:1      | Reached XP level 2. HP: 20/27 MP: 2/2
   332 | D:1      | Reached XP level 3. HP: 29/33 MP: 3/3
  1371 | D:2      | Noticed Robin
  1394 | D:2      | Reached skill level 1 in Armour
  1397 | D:2      | Reached XP level 4. HP: 29/40 MP: 4/4
  1398 | D:2      | Killed Robin
  1398 | D:2      | Reached skill level 5 in Axes
  1655 | D:2      | Found an iron altar of Okawaru.
  1657 | D:2      | Noticed Natasha
  1668 | D:2      | Killed Natasha
  1903 | D:2      | Reached XP level 5. HP: 47/47 MP: 5/5
  1907 | D:2      | Noticed Natasha
  1917 | D:2      | Killed Natasha
  1919 | D:2      | Found a radiant altar of Vehumet.
  1947 | D:2      | Noticed Natasha
  1954 | D:2      | Killed Natasha
  2085 | D:2      | Reached skill level 6 in Axes
  2295 | D:3      | Found an ornate altar of the Wu Jian Council.
  2377 | D:3      | Found a runed translucent gate.
  2377 | D:3      | Found a runed translucent gate.
  2377 | D:3      | Found a runed translucent gate.
  2475 | D:3      | Found a glowing silver altar of Zin.
  2518 | D:3      | Noticed daodarkstar's ghost (weakling DsFi)
  2580 | D:3      | Noticed an ogre
  2619 | D:3      | HP: 1/47 [ogre/+0 giant spiked club (21)]
  3444 | D:3      | Found a hide-covered altar of Uskayaw.
  3524 | D:3      | Reached XP level 6. HP: 55/55 MP: 6/6
  3897 | D:4      | Found Rityeryp's Book Shop.
  4076 | D:4      | Reached skill level 7 in Axes
  4275 | D:4      | Became a worshipper of Beogh the Brigand
  4275 | D:4      | Reached * piety under Beogh
  4275 | D:4      | Reached ** piety under Beogh
  4301 | D:4      | Reached skill level 5 in Fighting
  4592 | D:4      | Found a runed translucent door.
  4593 | D:4      | Noticed Crazy Yiuf
  4610 | D:4      | Killed Crazy Yiuf
  4655 | D:5      | Entered Level 5 of the Dungeon
  4655 | D:5      | Found a glowing silver altar of Zin.
  4656 | D:5      | Noticed Grinder
  4658 | D:5      | Noticed Eustachio
  4828 | D:4      | Paralysed by Grinder for 7 turns
  4845 | D:4      | Paralysed by Grinder for 7 turns
  4854 | D:4      | Killed Grinder
  4854 | D:4      | Reached XP level 7. HP: 15/61 MP: 7/7
  5636 | D:5      | Found a shadowy altar of Dithmenos.
  5648 | D:5      | Reached skill level 8 in Axes
  5873 | D:5      | Noticed Menkaure
  5887 | D:5      | Killed Menkaure
  5890 | D:5      | Noticed Dowan
  5906 | D:5      | Killed Dowan
  5914 | D:5      | Noticed Duvessa
  5933 | D:5      | HP: 1/61 [Duvessa/+0 short sword (4)]
  5933 | D:5      | Mangled by Duvessa

Levels and vault maps discovered:
D:1:      shiori_arrival_whats_in_store_for_you, layout_rooms, serial_glass,
          glass_columns_c, glass_columns_c, glass_columns_a, glass_columns_a,
          glass_columns_b, glass_columns_a, glass_columns_a, glass_columns_b
D:2:      layout_loops_ring, fiery_altar_vehumet, okawaru_ov_weapons_minmay,
          uniq_natasha, uniq_robin
D:3:      layout_basic, lemuel_round_altar, eat_drink_and_be_merry_uskayaw,
          overflow_temple_1_default, gammafunk_ghost_icy, roderic_batcave,
          item_on_display_a
D:4:      layout_cave_pools, serial_shops, shop_statue, uniq_crazy_yiuf_cottage
D:5:      layout_basic, overflow_temple_1_default, basic_altar, first_ration,
          roderic_three_in_a_row, nicolae_dithmenos_shadow_blocks, uniq_duvessa,
          uniq_eustachio, uniq_menkaure, uniq_grinder

Skill      XL: |  1  2  3  4  5  6  7 |
---------------+----------------------+-----
Fighting       | 4 5 |  5.5
Armour         | 1 2 3 4 |  4.5
Axes           | 5 6 7 8 |  8.6
Dodging        | 3 |  3.1
Stealth        | |  1.6
Evocations     | |  0.2

Action                   |  1- 3 |  4- 6 |  7- 9 || total
-------------------------+-------+-------+-------++-------
Melee: Hand axe          |   144 |   303 |    73 ||   520
Invok: Convert to Beogh  |       |     1 |       ||     1
Evoke: Wand              |       |     1 |     2 ||     3
  Eat: Chunk             |     1 |     4 |     1 ||     6
       Ration            |       |     2 |     1 ||     3
Armor: Robe              |     4 |       |       ||     4
       Ring mail         |    12 |       |       ||    12
       Scale mail        |     4 |       |       ||     4
       Plate armour      |    70 |   200 |    46 ||   316
Dodge: Dodged            |    53 |   117 |    49 ||   219

Table legend:
 A = Non-vault XP
 B = Vault XP
 C = Vault XP percentage of total XP
 D = Non-vault monster count
 E = Vault monster count
 F = Vault count percentage of total count
                 A         B        C        D         E       F
            +---------+---------+-------+---------+---------+-------
      Total |     463 |     678 |  59.4 |      84 |      26 |  23.6
            +---------+---------+-------+---------+---------+-------
        D:1 |      57 |       0 |   0.0 |      29 |       0 |   0.0
        D:2 |     112 |      72 |  39.1 |      16 |      13 |  44.8
        D:3 |      38 |      71 |  65.1 |      15 |       9 |  37.5
        D:4 |     155 |     296 |  65.6 |      17 |       2 |  10.5
        D:5 |     101 |     239 |  70.3 |       7 |       2 |  22.2
            +---------+---------+-------+---------+---------+-------
